 Dungeon Sprint DCSS version 0.19.1 (webtiles) character file.

10879 equalderp2856 the Eviscerator (level 11, -7/54 HPs)
             Began as a Felid Fighter on Nov 28, 2016.
             Was the Champion of Nemelex Xobeh.
             Killed by angry trees
             ... awakened by a spriggan druid
              (15 damage)
             ... in the Dungeon (Sprint IX: "|||||||||||||||||||||||||||||").
             The game lasted 00:17:13 (7719 turns).

equalderp2856 the Eviscerator (Felid Fighter)       Turns: 7719, Time: 00:17:13

Health: -7/54      AC:  2    Str: 13    XL:     11   Next: 42%
Magic:  0/15       EV: 35    Int: 10    God:    Nemelex Xobeh [******]
Gold:   789        SH:  0    Dex: 18    Spells: 0 memorised, 10 levels left
                                        Lives:  0   Deaths: 3

rFire  . . .     SeeInvis +       - Unarmed
rCold  . . .     Gourm    .     (armour unavailable)
rNeg   . . .     Faith    .     (shield unavailable)
rPois  .         Spirit   +     (helmet unavailable)
rElec  .         Reflect  .     (cloak unavailable)
rCorr  .         Harm     .     (gloves unavailable)
MR     +....     NoTele   +     (boots unavailable)
Stlth  +++++++...               G - amulet of guardian spirit
                                H - ring of stealth
                                n - +2 ring of evasion

@: quick
A: no armour, no weapons or thrown items, stealth, claws 1, fangs 3, see
invisible, carnivore 3, speed 1, shaggy fur 2, slow metabolism 1, sharp paws
a: Triple Draw, Deal Four, Stack Five, Renounce Religion


You were in the Dungeon.
You worshipped Nemelex Xobeh.
Nemelex Xobeh was exalted by your worship.
You were not hungry.

You visited 1 branch You collected 1929 gold pieces.
You spent 1140 gold pieces at shops.

Inventory:

Jewellery
 m - a +2 ring of protection
 n - a +2 ring of evasion (left paw)
 t - an uncursed ring of fire
 u - an uncursed ring of ice
 E - an uncursed ring of poison resistance
 F - an uncursed ring of poison resistance
 G - an amulet of guardian spirit (around neck)
 H - a ring of stealth (right paw)
 I - an uncursed ring of flight
 J - an uncursed amulet of regeneration
Wands
 l - a wand of acid (6/15)
 w - a wand of disintegration (13/24)
 y - a wand of polymorph (8/24)
Scrolls
 h - 3 scrolls of blinking
 j - 3 scrolls of remove curse
 k - 2 scrolls of amnesia
 p - 2 scrolls of fog
 q - a scroll of fear
Potions
 a - 2 potions of might
 b - 2 potions of brilliance
 c - 2 potions of curing
 d - 2 potions of heal wounds
 e - a potion of haste
 f - 4 potions of magic
 g - a potion of berserk rage
 i - a potion of invisibility
 o - 3 potions of cure mutation
 D - a potion of beneficial mutation {unknown}
 P - 2 potions of cancellation {unknown}
Miscellaneous
 r - a plain deck of escape {drawn: 4}
 s - a plain deck of escape
 v - a plain deck of destruction {drawn: 2}
 x - an ornate deck of summoning {drawn: 2}
 A - an ornate deck of escape
 B - an ornate deck of escape
 C - a legendary deck of destruction {drawn: 1}
 K - a legendary deck of destruction
 L - an ornate deck of summoning
 M - an ornate deck of summoning
 N - a plain deck of destruction
 O - a plain deck of destruction
 Q - an ornate deck of summoning
Comestibles
 z - 11 meat rations


   Skills:
 + Level 10.2 Fighting
 + Level 17.4 Dodging
 + Level 14.9 Stealth
 + Level 24.3 Unarmed Combat
 + Level 4.7 Invocations
 + Level 1.2 Evocations


You had 10 spell levels left.
You didn't know any spells.

Dungeon Overview and Level Annotations

Branches:
Dungeon (1/1)

Altars:
Cheibriados
Dithmenos
Elyvilon
Fedhas
Gozag
Hepliaklqana
Kikubaaqudgha
Makhleb
Nemelex Xobeh
Okawaru
Qazlal
Ru
Sif Muna
Trog
Uskayaw
Vehumet
Xom
Yredelemnul
Zin
The Shining One
Beogh
Jiyva
Lugonu

Shops:
D ((=(


Innate Abilities, Weirdness & Mutations

You cannot wear armour.
You are incapable of wielding weapons or throwing items.
Your paws allow you to move quietly. (Stealth)
You have sharp claws.
You have razor-sharp teeth.
You have supernaturally acute eyesight. (SInv)
You are carnivorous and can eat meat at any time.
You cover ground quickly.
You are covered in thick fur. (AC +2)
You have a slow metabolism.
Your sharp claws are effective at attacking unaware monsters.


Message History

A tyrant leech comes into view.
You mangle the tyrant leech!!
The tyrant leech is severely wounded.
Trunks creak and shift.
A root smacks you from below. The tyrant leech completely misses you.
You mangle the tyrant leech!! You bite the tyrant leech.
You kill the tyrant leech!
A tree reaches out but misses you.
The spriggan druid hits you with a quarterstaff!
You miss the spriggan druid. Your claw misses the spriggan druid.
You bite the spriggan druid, but do no damage.
A root smacks you from below.
The spriggan druid calls out to the beasts of the wild!
You feel better. A tree reaches out and hits you!
* * * LOW HITPOINT WARNING * * *
The spriggan druid closely misses you.
You see here a komodo dragon corpse.
A root smacks you from below.
You die...
Your body glows with a rainbow of weird colours and disappears.

))..)..∩)∩)∩)∩...))').)......▓
▓▓▓▓▓▓▓▓▓▓▓▓▓▓▓▓▓▓▓▓▓▓▓▓▓▓▓▓.▓
....).(........)...)..)).....▓
▓▓▓▓▓▓▓▓▓▓▓▓▓▓▓▓▓▓▓▓▓▓▓▓▓▓▓▓▓▓
?.?')..(...........'.........▓
▓▓▓▓▓▓▓▓▓▓▓▓▓▓▓▓▓▓▓▓▓▓▓▓▓▓▓▓.▓
.............................▓
▓▓▓▓▓▓♣♣♣♣♣♣♣♣♣♣▓▓▓▓▓▓▓▓▓▓▓▓▓▓
.wFyJyi.†@}...........▓
▓▓▓▓▓▓♣♣♣♣♣♣♣♣♣♣▓▓▓▓▓▓▓▓▓▓▓▓.▓
†............................▓
▓▓▓▓▓▓▓▓▓▓▓▓▓▓▓▓▓▓▓▓▓▓▓▓▓▓▓▓▓▓


You could see a slime creature, a spriggan druid, a spiny frog and 2 vampire
mosquitoes.

Vanquished Creatures
  Rupert (D)
  Kirke (D)
  2 stone giants (D)
  A very ugly thing (D)
  A great orb of eyes (D)
  Josephine (D)
  A hydra (D)
  A catoblepas (D)
  Erica (D)
  A death yak (D)
  A deep troll earth mage (D)
  A skeletal warrior (D)
  6 orc sorcerers (D)
  A deep elf mage (D)
  An ugly thing (D)
  2 black mambas (D)
  Psyche (D)
  An elephant (D)
  Maurice (D)
  3 spiny frogs (D)
  An efreet (D)
  A komodo dragon (D)
  2 trolls (D)
  A tyrant leech (D)
  2 blink frogs (D)
  2 hippogriffs (D)
  4 wraiths (D)
  A wyvern (D)
  2 yaks (D)
  Grum (D)
  A hog (D)
  A hungry ghost (D)
  A vampire mosquito (D)
  2 steam dragons (D)
  A soldier ant (D)
  A water moccasin (D)
  2 porcupines (D)
  14 orc warriors (D)
  An ice beast (D)
  4 wolves (D)
  An ogre (D)
  A crocodile (D)
  2 bullfrogs (D)
  A wight (D)
  A crimson imp (D)
  2 hounds (D)
  4 orc priests (D)
  An iguana (D)
  10 orc wizards (D)
  A worker ant (D)
  A leopard gecko (D)
  5 orcs (D)
  A bat skeleton (D)
  A giant cockroach (D)
  2 goblins (D)
  A bat simulacrum (D)
  A frilled lizard (D)
  A rat (D)
111 creatures vanquished.

Vanquished Creatures (collateral kills)
  A very ugly thing (D)
  A slime creature (D)
2 creatures vanquished.

Vanquished Creatures (others)
  A human (D)
1 creature vanquished.

Grand Total: 114 creatures vanquished

Notes
Turn   | Place    | Note
-------+----------+-------------------------------------------
     0 | D        | equalderp2856 the Felid Fighter began the quest for the Orb.
     0 | D        | Reached XP level 1. HP: 10/10 MP: 2/2
    23 | D        | Noticed a crimson imp
    23 | D        | Noticed a worker ant
    23 | D        | Noticed an ogre
    23 | D        | Noticed a hound
    28 | D        | Killed a crimson imp
    28 | D        | Reached skill level 5 in Dodging
    28 | D        | Reached skill level 6 in Unarmed Combat
    28 | D        | Reached XP level 2. HP: 15/15 MP: 3/3
    28 | D        | Reached XP level 3. HP: 18/18 MP: 4/4
    31 | D        | Reached skill level 7 in Unarmed Combat
    34 | D        | Killed an ogre
    34 | D        | Reached skill level 5 in Fighting
    34 | D        | Reached skill level 9 in Unarmed Combat
    34 | D        | Reached XP level 4. HP: 23/23 MP: 5/5
    34 | D        | Reached XP level 5. HP: 26/26 MP: 6/6
    80 | D        | Found a roughly hewn altar of Beogh.
    80 | D        | Found a snail-covered altar of Cheibriados.
    80 | D        | Found a shadowy altar of Dithmenos.
    80 | D        | Found a white marble altar of Elyvilon.
    80 | D        | Found a blossoming altar of Fedhas.
    80 | D        | Found an opulent altar of Gozag.
    81 | D        | Found a hazy altar of Hepliaklqana.
    82 | D        | Found a viscous altar of Jiyva.
    83 | D        | Found an ancient bone altar of Kikubaaqudgha.
    84 | D        | Found a corrupted altar of Lugonu.
    85 | D        | Found a burning altar of Makhleb.
    86 | D        | Found a sparkling altar of Nemelex Xobeh.
    87 | D        | Found an iron altar of Okawaru.
    88 | D        | Found a stormy altar of Qazlal.
    89 | D        | Found a sacrificial altar of Ru.
    90 | D        | Found a deep blue altar of Sif Muna.
    91 | D        | Found a bloodstained altar of Trog.
    92 | D        | Found a hide-covered altar of Uskayaw.
    93 | D        | Found a radiant altar of Vehumet.
    94 | D        | Became a worshipper of Nemelex Xobeh the Trickster
    95 | D        | Found a shimmering altar of Xom.
    96 | D        | Found a basalt altar of Yredelemnul.
    97 | D        | Found a glowing silver altar of Zin.
    98 | D        | Found a glowing golden altar of the Shining One.
   107 | D        | Received a gift from Nemelex Xobeh
   125 | D        | Noticed a troll
   125 | D        | Noticed a hungry ghost
   125 | D        | Noticed a steam dragon
   146 | D        | Killed a troll
   146 | D        | Reached skill level 11 in Unarmed Combat
   146 | D        | Gained mutation: You are covered in thick fur. (AC +2) [Felid growth]
   146 | D        | Reached XP level 6. HP: 31/31 MP: 7/7
   163 | D        | Killed a hungry ghost
   163 | D        | Reached skill level 10 in Dodging
   163 | D        | Reached skill level 12 in Unarmed Combat
   163 | D        | Reached XP level 7. HP: 30/35 MP: 8/8
   174 | D        | Killed a steam dragon
   174 | D        | Reached skill level 13 in Unarmed Combat
   218 | D        | Noticed an efreet
   218 | D        | Noticed a troll
   236 | D        | Killed an efreet
   236 | D        | Reached skill level 14 in Unarmed Combat
   236 | D        | Reached XP level 8. HP: 17/40 MP: 9/9
   415 | D        | Reached skill level 1 in Stealth
   417 | D        | Killed a troll
   646 | D        | Reached * piety under Nemelex Xobeh
   722 | D        | Reached ** piety under Nemelex Xobeh
   737 | D        | Received a gift from Nemelex Xobeh
   737 | D        | Noticed a blink frog
   737 | D        | Noticed a blink frog
   737 | D        | Noticed a hippogriff
   738 | D        | Noticed a hippogriff
   739 | D        | Killed a blink frog
   739 | D        | Reached skill level 15 in Unarmed Combat
   753 | D        | Killed a blink frog
  1009 | D        | Killed a hippogriff
  1009 | D        | Reached XP level 9. HP: 42/44 MP: 10/10
  1017 | D        | Reached skill level 16 in Unarmed Combat
  1026 | D        | Reached skill level 5 in Stealth
  1474 | D        | Noticed a four-headed hydra
  1474 | D        | Noticed a black mamba
  1474 | D        | Noticed a black mamba
  1474 | D        | Noticed a spiny frog
  2271 | D        | Killed a four-headed hydra
  2271 | D        | Reached skill level 17 in Unarmed Combat
  2281 | D        | Killed a black mamba
  2283 | D        | Killed a black mamba
  2283 | D        | Reached XP level 10. HP: 31/49 MP: 11/11
  2546 | D        | Killed a spiny frog
  2546 | D        | Reached skill level 18 in Unarmed Combat
  2557 | D        | Noticed a spiny frog
  2558 | D        | Noticed an elephant
  2572 | D        | Killed a spiny frog
  2776 | D        | Killed an elephant
  2785 | D        | Noticed a death yak
  2785 | D        | Noticed a catoblepas
  2785 | D        | Noticed a death yak
  2785 | D        | Noticed a catoblepas
  2786 | D        | Noticed a death yak
  2787 | D        | Noticed a death yak
  2795 | D        | Killed a death yak
  3110 | D        | Killed a catoblepas
  3110 | D        | Reached skill level 19 in Unarmed Combat
  3110 | D        | Reached skill level 1 in Evocations
  3131 | D        | HP: 1/49 [something/blast of calcifying dust (5)]
  3136 | D        | Killed from afar by a catoblepas
  3137 | D        | Reached XP level 9. HP: 0/45 MP: 10/10
  3192 | D        | Reached *** piety under Nemelex Xobeh
  3208 | D        | Received a gift from Nemelex Xobeh
  3224 | D        | Noticed Maurice
  3233 | D        | Killed Maurice
  3262 | D        | Received a gift from Nemelex Xobeh
  3297 | D        | Found Kimmipo's Antique Weapon Shoppe.
  3297 | D        | Noticed an orc sorcerer
  3297 | D        | Noticed an orc sorcerer
  3298 | D        | Noticed an orc sorcerer
  3300 | D        | Found Witosurgh's Jewellery Emporium.
  3302 | D        | Noticed an orc sorcerer
  3303 | D        | Killed an orc sorcerer
  3303 | D        | Reached skill level 10 in Stealth
  3303 | D        | Reached XP level 10. HP: 49/49 MP: 11/11
  3305 | D        | Noticed an orc sorcerer
  3632 | D        | Killed an orc sorcerer
  3632 | D        | Reached skill level 15 in Dodging
  3828 | D        | Killed an orc sorcerer
  3828 | D        | Reached skill level 20 in Unarmed Combat
  3858 | D        | Killed an orc sorcerer
  3997 | D        | Killed an orc sorcerer
  4004 | D        | Found Biokhug's Weapon Shoppe.
  4006 | D        | Found Zagu's Weapon Emporium.
  4017 | D        | Noticed an orc sorcerer
  4043 | D        | Reached **** piety under Nemelex Xobeh
  4051 | D        | Killed an orc sorcerer
  4173 | D        | Killed from afar by an orc priest
  4174 | D        | Reached XP level 9. HP: -2/46 MP: 10/10
  4174 | D        | Received a gift from Nemelex Xobeh
  4241 | D        | Received a gift from Nemelex Xobeh
  4255 | D        | Noticed Josephine
  4273 | D        | Killed Josephine
  4273 | D        | Reached skill level 21 in Unarmed Combat
  4273 | D        | Reached XP level 10. HP: 27/50 MP: 11/11
  4442 | D        | Noticed Erica
  4446 | D        | Received a gift from Nemelex Xobeh
  4453 | D        | Killed Erica
  4464 | D        | Noticed Psyche
  4471 | D        | Killed Psyche
  4493 | D        | Reached ***** piety under Nemelex Xobeh
  5204 | D        | Bought an uncursed amulet of guardian spirit for 360 gold pieces
  5204 | D        | Bought an uncursed ring of stealth for 210 gold pieces
  5204 | D        | Bought an uncursed ring of flight for 210 gold pieces
  5204 | D        | Bought an uncursed amulet of regeneration for 360 gold pieces
  5424 | D        | Noticed a deep elf mage
  5424 | D        | Noticed a cyan ugly thing
  5426 | D        | Killed a deep elf mage
  5432 | D        | Noticed a skeletal warrior
  5437 | D        | Noticed a cyan very ugly thing
  5439 | D        | Reached skill level 22 in Unarmed Combat
  5440 | D        | Noticed a deep troll earth mage
  5452 | D        | Killed a cyan ugly thing
  5452 | D        | Reached XP level 11. HP: 31/54 MP: 5/12
  5681 | D        | Killed a skeletal warrior
  5840 | D        | Killed a cyan very ugly thing
  5840 | D        | Reached skill level 1 in Invocations
  5899 | D        | Killed a deep troll earth mage
  5949 | D        | Noticed a stone giant
  5975 | D        | Killed a stone giant
  6023 | D        | Noticed a great orb of eyes
  6024 | D        | Noticed a brown very ugly thing
  6026 | D        | Noticed a stone giant
  6037 | D        | Killed a great orb of eyes
  6037 | D        | Reached skill level 23 in Unarmed Combat
  6342 | D        | Killed a brown very ugly thing
  6699 | D        | Killed a stone giant
  6699 | D        | Reached skill level 10 in Fighting
  6861 | D        | Received a gift from Nemelex Xobeh
  6897 | D        | Noticed Kirke
  6913 | D        | Killed Kirke
  6916 | D        | Received a gift from Nemelex Xobeh
  6945 | D        | Received a gift from Nemelex Xobeh
  6974 | D        | Noticed a naga sharpshooter
  6974 | D        | Noticed a nagaraja
  6974 | D        | Noticed a naga warrior
  6974 | D        | Noticed a nagaraja
  7233 | D        | Slain by a nagaraja
  7234 | D        | Reached XP level 10. HP: -1/51 MP: 0/14
  7234 | D        | Received a gift from Nemelex Xobeh
  7252 | D        | Noticed Rupert
  7289 | D        | Killed Rupert
  7289 | D        | Reached skill level 24 in Unarmed Combat
  7289 | D        | Reached XP level 11. HP: 13/54 MP: 2/15
  7530 | D        | Received a gift from Nemelex Xobeh
  7548 | D        | Noticed Grum
  7557 | D        | Reached ****** piety under Nemelex Xobeh
  7561 | D        | Killed Grum
  7664 | D        | Received a gift from Nemelex Xobeh
  7702 | D        | Received a gift from Nemelex Xobeh
  7702 | D        | Noticed a spriggan druid
  7719 | D        | Killed from afar by a spriggan druid

Skill      XL: |  1  2  3  4  5  6  7  8  9 10 11 |
---------------+----------------------------------+-----
Fighting       | 4 5 6 7 8 9 10 | 10.2
Dodging        | 5 7 9 10 11 12 13 16 17 | 17.4
Unarmed Combat | 6 9 11 12 14 15 21 24 23 | 24.3
Stealth        | 4 10 12 14 | 14.9
Evocations     | 1 |  1.2
Invocations    | 4 |  4.7

Action                   |  1- 3 |  4- 6 |  7- 9 | 10-12 || total
-------------------------+-------+-------+-------+-------++-------
Melee: Unarmed           |    23 |    34 |   120 |   287 ||   464
       Bite              |     3 |     6 |    11 |    47 ||    67
       Punch             |       |       |     8 |    41 ||    49
Evoke: Wand              |       |       |     1 |       ||     1
       Deck              |       |       |       |     9 ||     9
  Use: Potion            |       |     2 |     1 |     7 ||    10
       Scroll            |       |       |       |     1 ||     1
 Stab: Sleeping          |       |       |     1 |     5 ||     6
       Distracted        |       |       |     1 |     1 ||     2
  Eat: Meat ration       |       |       |     1 |     1 ||     2
Armor: Skin              |     2 |     4 |     3 |     8 ||    17
Dodge: Dodged            |    14 |    34 |   115 |   142 ||   305
